[Event "*** Titled Tuesday Blitz"]
[Site "Chess.com"]
[Date "2021.04.06"]
[Round "2"]
[White "Das_Virus_2020"]
[Black "Zkid"]
[Result "0-1"]
[WhiteElo "2463"]
[BlackElo "2849"]
[TimeControl "180+1"]
[EndTime "10:18:18 PDT"]
[Termination "Zkid won on time"]

1. e4 e6 2. Qe2 c5 3. Nf3 Nc6 4. g3 g6 5. Bg2 Bg7 6. c3 Nge7 7.
O-O O-O 8. Rd1 e5 9. Na3 d6 10.
Nc2 f5 11. exf5 gxf5 12. d3 d5 13. b4 cxb4 14. cxb4 e4 15. dxe4 fxe4 16. Nfd4 Nxd4 17. Nxd4 Qb6 18. Be3 Qxb4 19. Rab1 Qa4 20. Qh5 Qd7 21. h3 Nf5 22. Nxf5 Rxf5 23. Qe2 Qf7 24. Bxe4 Re5 25.
Bg2 Bf5 26. Rbc1 Rae8 27. Qf3 Be4 28. Qxf7+ Kxf7 29. Bxe4 dxe4 30. Bxa7 Ra5 31. Rc7+ Re7 0-1

[Event "*** Titled Tuesday Blitz"]
[Site "Chess.com"]
[Date "2021.04.06"]
[Round "2"]
[White "sbouchet"]
[Black "seorobert1971"]
[Result "0-1"]
[WhiteElo "2344"]
[BlackElo "2761"]
[TimeControl "180+1"]
[EndTime "10:18:18 PDT"]
[Termination "seorobert1971 won on time"]

1. e4 e5 2. Nc3 Nc6 3. g3 Nf6 4. Bg2 Bb4 5. Nge2 O-O 6. O-O d6 7. h3 Be6 8. d4 exd4 9. Nxd4 Bxc3 10. Nxe6 fxe6 11. bxc3 e5 12. f4 exf4 13. gxf4 Kh8 14. Kh1 Qe8 15. Re1 Qg6 16. Rb1 Rae8 17. f5 Qg3 18. Rxb7 d5 19. Re3 Qf2 20. Qd2 Qf4 21.
Re1 Qh4 22. Rxc7 Ne5 23. Rg1 Nf3 24. Bxf3 Qxh3+ 25. Qh2 Qxf3+ 26. Qg2 Qh5+ 27. Qh2 Qxh2+ 28. Kxh2 dxe4 29. Rgxg7 e3 30. Rge7 e2 31. Bd2 Rd8 32. Be1 Rd5 33. Rxe2 Rxf5 34. c4 Rg8 0-1

[Event "*** Titled Tuesday Blitz"]
[Site "Chess.com"]
[Date "2021.04.06"]
[Round "2"]
[White "fabianvivasz"]
[Black "barbara25"]
[Result "1/2-1/2"]
[WhiteElo "2413"]
[BlackElo "2181"]
[TimeControl "180+1"]
[EndTime "10:18:18 PDT"]
[Termination "Game drawn - insufficient material"]

1. e4 c5 2. Nc3 a6 3. g3 b5 4. Bg2 Bb7 5. d3 e6 6. Nh3 Ne7 7. O-O d5 8. exd5 Nxd5 9. Qh5 Be7 10. Nxd5 Bxd5 11. Bxd5 Qxd5 12. Qxd5 exd5 13. Nf4 d4 14. Re1 Kd7 15. Nd5 Bd8 16. a4 b4 17. c3 Nc6 18. Bd2 a5 19. Rac1 dxc3 20. bxc3 Rc8 21. Ne3 Re8 22. Nc4 Bc7 23. Be3 bxc3 24. Bxc5 Nb4 25.
Rxe8 Rxe8 26. Rxc3 Re1+ 27. Kg2 Rd1 28. Bxb4 axb4 29.
Rb3 Kc6 30. Ne3 Rd2 31. Nc4 Rd1 32. Nb2 Rd2 33. Rxb4 Bd6 34. Rb3 Bc5 35. Nc4 Rxf2+ 36. Kh3 Ra2 37. Ne5+ Kd5 38. Nxf7 Rxa4 39. Rb7 h6 40.
Nh8 g5 41. Rh7 g4+ 42. Kh4 Bb6 43. Rxh6 Bd8+ 44. Kh5 Be7 45. Kg6 Ra2 46. Rh5+ Kd4 47. Kf7 Bd6 48. Ng6 Bb4 49. Nf4 Bd2 50. Rh4 Bxf4 51. Rxg4 Rxh2 52. Rxf4+ Kxd3 53. g4 Ke3 54. Rf6 Rg2 55. Rg6 Kf4 56. Kg7 Rxg4 57. Rxg4+ Kxg4 1/2-1/2

[Event "*** Titled Tuesday Blitz"]
[Site "Chess.com"]
[Date "2021.04.06"]
[Round "2"]
[White "fyall777"]
[Black "731291"]
[Result "0-1"]
[WhiteElo "2426"]
[BlackElo "2655"]
[TimeControl "180+1"]
[EndTime "10:18:19 PDT"]
[Termination "731291 won on time"]

1. e4 c5 2. f3 d5 3. Nc3 Nf6 4. Bb5+ Nc6 5. Bxc6+ bxc6 6. d3 e5 7. Nge2 Bd6 8. O-O O-O 9. Ng3 Rb8 10. b3 Be6 11. Bd2 c4 12. dxc4 dxc4 13. Kh1 Bc5 14. Rb1 Bd4 15. Nce2 Qe7 16. Bg5 h6 17. Nxd4 exd4 18. Bxf6 Qxf6 19. f4 Rbd8 20. f5 Bc8 21.
Qe2 d3 22. cxd3 cxd3 23. Qe3 Rfe8 24. Qxa7 d2 25. Rbd1 Qg5 26. Qf2 Ba6 27. Rg1 h5 28. h3 h4 29. Nf1 Bxf1 30. Rgxf1 Rxe4 31. a4 Red4 32. a5 c5 33. a6 Qf6 34. Qe2 Rd3 35.
a7 Qc6 36. Rf3 R3d4 37. f6 Qa8 38. Re3 Qxa7 39. Re8+ Rxe8 40. Qxe8+ Kh7 41. fxg7 Kxg7 42. Qe5+ f6 43. Qe3 Qd7 44. Qd3 Rxd3 0-1

[Event "*** Titled Tuesday Blitz"]
[Site "Chess.com"]
[Date "2021.04.06"]
[Round "2"]
[White "korbul"]
[Black "ARMQUEEN"]
[Result "1-0"]
[WhiteElo "2567"]
[BlackElo "2308"]
[TimeControl "180+1"]
[EndTime "10:18:19 PDT"]
[Termination "korbul won by checkmate"]

1. e4 c5 2. d4 cxd4 3. c3 dxc3 4.
Nxc3 Nc6 5. Bc4 d6 6. Nf3 g6 7. e5 Bg7 8. exd6 exd6 9. O-O Nge7 10. Bf4 Bg4 11. Qxd6 Bxf3 12. gxf3 O-O 13. Rfe1 Nf5 14.
Qxd8 Raxd8 15. Bg5 Rd4 16. Re4 Ne5 17. Be2 Rc8 18.
Kf1 Rxe4 19. fxe4 Nd4 20. Rd1 Nec6 21. Nd5 Kf8 22. b3 h6 23. Be3 Nc2 24. Bc5+ Kg8 25. Bb5 Kh7 26. Kg2 N6d4 27. Bxd4 Nxd4 28. Bd3 Ne6 29.
f4 Nd4 30. e5 Rd8 31. Be4 Ne6 32. Kg3 Nc5 33. Bf3 Ne6 34. b4 Rc8 35. Ne7 Rc2 36. Rd7 g5 37. Nd5 gxf4+ 38. Kg4 Kg6 39. Be4+ f5+ 40. exf6# 1-0

[Event "*** Titled Tuesday Blitz"]
[Site "Chess.com"]
[Date "2021.04.06"]
[Round "2"]
[White "ethylalcohol"]
[Black "Chuchofrio1"]
[Result "1-0"]
[WhiteElo "2130"]
[BlackElo "2382"]
[TimeControl "180+1"]
[EndTime "10:18:19 PDT"]
[Termination "ethylalcohol won by checkmate"]

1. d4 Nf6 2. Nf3 g6 3. Bf4 Bg7 4. Nc3 O-O 5. Qd2 d6 6. Bh6 Nc6 7. O-O-O a6 8. Bxg7 Kxg7 9. d5 Na7 10. e4 b5 11. Bd3 c5 12. dxc6 Nxc6 13. Nd5 e6 14. Qc3 exd5 15. Qxc6 Ra7 16. Qc3 Kg8 17. Qd4 Rc7 18.
exd5 Bb7 19. g4 Bxd5 20. Be2 Be4 21. Rd2 Re8 22. g5 Nh5 23. Bd1 d5 24. Re1 Rc4 25. Qa7 Qa5 26. a3 Rec8 27. Nd4 Nf4 28. Nb3 Qd8 29.
f3 Bf5 30. Re7 Be6 31. Nd4 Kf8 32. Nxe6+ fxe6 33. Rf7+ Kg8 34. Rg7+ Kh8 35. Rxh7+ Kg8 36. Qg7# 1-0

[Event "*** Titled Tuesday Blitz"]
[Site "Chess.com"]
[Date "2021.04.06"]
[Round "2"]
[White "Pliukha_Mikhail"]
[Black "KaterynaLagno"]
[Result "1-0"]
[WhiteElo "2496"]
[BlackElo "2665"]
[TimeControl "180+1"]
[EndTime "10:18:20 PDT"]
[Termination "Pliukha_Mikhail won on time"]

1. e4 e5 2. Nf3 Nc6 3. d4 exd4 4. Bc4 Bc5 5. O-O d6 6. h3 Nf6 7.
c3 dxc3 8. Nxc3 h6 9. Bf4 O-O 10. a3 a6 11. b4 Ba7 12. Re1 Ne7 13. e5 dxe5 14. Bxe5 Ng6 15. Qxd8 Rxd8 16. Bxc7 Re8 17. Ne5 Nxe5 18. Bxe5 Be6 19. Bxe6 Rxe6 20. Bxf6 Rxf6 21. Ne4 Rc6 22. Rad1 Rc2 23. Rd2 Rac8 24. Ree2 Rc1+ 25. Kh2 R1c7 26. g3 h5 27. Kg2 g6 28. Nf6+ Kg7 29.
Ne8+ Rxe8 30. Rxe8 Bb6 31. Rd6 Ba7 32. Ra8 b6 33. a4 Rb7 34. b5 axb5 35. axb5 Bb8 36.
Rc6 Be5 37. Rd8 Re7 38. Rd2 Rb7 39. f4 Bb8 40. Kf3 Ra7 41. Rd8 Ra3+ 42. Ke2 Ra2+ 43. Kd1 Ra1+ 44. Kc2 Ra2+ 45. Kb1 Ra5 46. Rxb8 Rxb5+ 47. Kc2 h4 48. gxh4 Rh5 49. Rbxb6 Rxh4 50. Rb3 Rxf4 51.
Kd2 Re4 52. Re3 Rd4+ 53. Ke2 Rd7 54. Kf2 Ra7 55. Kg3 Rd7 56. Rc4 Ra7 57. Rce4 Kf8 58. Re8+ Kg7 59. R8e7 1-0

[Event "*** Titled Tuesday Blitz"]
[Site "Chess.com"]
[Date "2021.04.06"]
[Round "2"]
[White "MPGM"]
[Black "malakismayil"]
[Result "1-0"]
[WhiteElo "2581"]
[BlackElo "2309"]
[TimeControl "180+1"]
[EndTime "10:18:20 PDT"]
[Termination "MPGM won by checkmate"]

1. Nf3 Nf6 2. d4 e6 3. c4 Bb4+ 4. Bd2 Qe7 5. Nc3 O-O 6. Qc2 b6 7. e4 e5 8. dxe5 Bxc3 9. Bxc3 Nh5 10. O-O-O Nc6 11. Qd2 Qe6 12. Rg1 Qh6 13. g4 Qxd2+ 14. Bxd2 Re8 15. gxh5 Nxe5 16. Nxe5 Rxe5 17. Bc3 Rxh5 18.
Bxg7 d6 19. Be2 Rh3 20. Rg2 h5 21. Rdg1 Kh7 22. Bf6 Bg4 23. Bxg4 hxg4 24. Rxg4 Rxh2 25. Rg7+ Kh6 26. Bd4 c5 27. Be3+ Kh5 28. Rh7# 1-0

[Event "*** Titled Tuesday Blitz"]
[Site "Chess.com"]
[Date "2021.04.06"]
[Round "2"]
[White "ZEN-22"]
[Black "ajedrez1101"]
[Result "1-0"]
[WhiteElo "2409"]
[BlackElo "2129"]
[TimeControl "180+1"]
[EndTime "10:18:20 PDT"]
[Termination "ZEN-22 won on time"]

1. d3 b6 2. g3 Bb7 3. Nf3 Bxf3 4. exf3 c5 5. Bg2 Nc6 6. f4 e6 7. O-O g6 8. d4 Nxd4 9. c3 Nc6 10. a4 Bg7 11. Na3 Nge7 12. Nb5 d5 13. Re1 O-O 14.
h4 a6 15. Na3 h5 16. Nc2 Rc8 17. Qe2 c4 18. Ne3 Na5 19. Rd1 Nb3 20. Rb1 Qe8 21. Bd2 Qxa4 22. Be1 Qe8 23. g4 hxg4 24. Qxg4 Nf5 25.
h5 Nxe3 26. fxe3 gxh5 27. Qxh5 f5 28. Qf3 Rf6 29. Bh4 Rh6 30. Bg5 Rh5 31. Kf2 Qg6 32.
Rh1 Rxh1 33. Rxh1 Kf7 34. Qg3 Nc5 35. Ra1 Rh8 36. Kg1 a5 37. Bf3 Bf6 38. Kg2 Bxg5 39. fxg5 Nd3 40. Rh1 Rxh1 41. Kxh1 Qh7+ 42. Kg2 Qg6 43.
Qc7+ Kg8 44. Qd8+ Kh7 45. Kg3 Ne5 46. Be2 Nf7 47. Qxb6 Qxg5+ 48. Kf2 Qg6 49. Qxa5 Ne5 50. Qd8 Ng4+ 51. Ke1 Ne5 52. Qh4+ 1-0

[Event "*** Titled Tuesday Blitz"]
[Site "Chess.com"]
[Date "2021.04.06"]
[Round "2"]
[White "MustafayevFarid2004"]
[Black "Supernotar"]
[Result "0-1"]
[WhiteElo "2479"]
[BlackElo "2684"]
[TimeControl "180+1"]
[EndTime "10:18:21 PDT"]
[Termination "Supernotar won on time"]

1. d4 d5 2. c4 dxc4 3. e3 Nf6 4.
Nf3 e6 5. Bxc4 a6 6. O-O b5 7.
Bd3 Bb7 8. Qe2 Nbd7 9. Rd1 c5 10. Nc3 Qc7 11. e4 cxd4 12. Nxd4 Bd6 13. g3 O-O 14. Bg5 h6 15. Bxf6 Nxf6 16. Rac1 Qb8 17. Bb1 Rc8 18. a3 Be5 19. Nf3 Bxc3 20. bxc3 e5 21. c4 Qc7 22. c5 Qe7 23. Qe3 Rc7 24. Rd6 Rac8 25. Rcd1 Rxc5 26. Nh4 Rc1 27. Nf5 Rxd1+ 28. Rxd1 Qc7 29. Kg2 Kh7 30. Rd2 Qc3 31. Qe2 Qxa3 32.
Nd6 Rc7 33. Nxb7 Rxb7 34. f4 Re7 35. Bc2 Qc3 36. Rd6 a5 0-1

[Event "*** Titled Tuesday Blitz"]
[Site "Chess.com"]
[Date "2021.04.06"]
[Round "2"]
[White "vinniethepooh"]
[Black "VD_coach"]
[Result "1-0"]
[WhiteElo "2735"]
[BlackElo "2505"]
[TimeControl "180+1"]
[EndTime "10:18:23 PDT"]
[Termination "vinniethepooh won by resignation"]

1. d4 Nf6 2. c4 g6 3. Nc3 Bg7 4. e4 d6 5. Be2 O-O 6. Be3 a6 7. f4 b6 8. e5 Nfd7 9. Bf3 Ra7 10. h4 c5 11. Qe2 cxd4 12. Bxd4 Bb7 13. h5 dxe5 14. fxe5 Nc6 15. O-O-O Nxd4 16. Rxd4 Qc7 17.
Bxb7 Rxb7 18. Nd5 Qxe5 19. Nxe7+ Qxe7 20. Qxe7 Bxd4 21. Nf3 Nc5 22. Qh4 Be3+ 23. Kc2 Re8 24. h6 Ne6 25. Re1 Bc5 26. Ng5 Be7 27. Qe4 Nc5 28. Qd5 Rf8 29. Qe5 f6 30. Qd5+ Kh8 31. Nf7+ Kg8 32. Nd6+ 1-0

[Event "*** Titled Tuesday Blitz"]
[Site "Chess.com"]
[Date "2021.04.06"]
[Round "2"]
[White "CM_rui"]
[Black "politeplayer"]
[Result "0-1"]
[WhiteElo "2440"]
[BlackElo "2250"]
[TimeControl "180+1"]
[EndTime "10:18:23 PDT"]
[Termination "politeplayer won by checkmate"]

1. e4 c5 2. Nf3 d6 3. d4 cxd4 4. Nxd4 Nf6 5. f3 Nc6 6. c4 Qb6 7. Be3 Qxb2 8. Nb3 Be6 9. Be2 g6 10. O-O Bg7 11. Bd3 a5 12. f4 Ng4 13. Bc1 Bd4+ 14.
Nxd4 Qxd4+ 15. Kh1 Qxa1 16. Qb3 Qd4 17. h3 Nf2+ 18.
Rxf2 Qxf2 19. Bb2 O-O 20. Qc3 f6 21. Nd2 Qxf4 22. Nf3 Ne5 23. Nd4 Bf7 24. Bc2 Qf1+ 25.
Kh2 Qxc4 26. Qg3 Rac8 27. Bb3 Qf1 28. Nf5 Bxb3 29. axb3 Nf3+ 30. Qxf3 Qxf3 31. Nxe7+ Kf7 32. gxf3 Rc2+ 33. Kg3 Rxb2 34. Nd5 Rxb3 35. Kg4 a4 36. h4 a3 37. h5 gxh5+ 38. Kf5 a2 39. f4 a1=Q 40.
Ne3 Qg1 41. Ng2 Qxg2 42. e5 Qg6# 0-1

[Event "*** Titled Tuesday Blitz"]
[Site "Chess.com"]
[Date "2021.04.06"]
[Round "2"]
[White "Sibelephant"]
[Black "vpantev"]
[Result "1-0"]
[WhiteElo "3117"]
[BlackElo "2592"]
[TimeControl "180+1"]
[EndTime "10:18:25 PDT"]
[Termination "Sibelephant won by resignation"]

1. d4 Nf6 2. Nf3 e6 3. Bf4 c5 4.
e3 d5 5. c3 Qb6 6. Qb3 Nc6 7.
Nbd2 Bd7 8. Qxb6 axb6 9. Bc7 c4 10. Bxb6 Bd6 11. Be2 Ra6 12. Bc5 Bxc5 13. dxc5 Ra5 14.
O-O Rxc5 15. Rfc1 Ra5 16. b3 b5 17. a4 cxb3 18. Nxb3 Rxa4 19. Bxb5 Rxa1 20. Rxa1 O-O 21. Nc5 Be8 22. h3 Ne7 23. Bd3 Ng6 24. g4 Nd7 25.
Nxd7 Bxd7 26. Ra7 Rd8 27. h4 Be8 28. h5 Nf8 29. g5 Nd7 30. Rc7 Kf8 31. Bxh7 Ke7 32.
Ra7 Kd6 33. h6 gxh6 34. gxh6 Nf6 35. Bd3 Bd7 36. Ng5 Ke7 37. h7 Rh8 38. Kg2 Kf8 39.
Ra8+ Kg7 40. Rxh8 Kxh8 41. Nxf7+ Kg7 42. h8=Q+ 1-0

[Event "*** Titled Tuesday Blitz"]
[Site "Chess.com"]
[Date "2021.04.06"]
[Round "2"]
[White "FMalexhdez"]
[Black "crazy_but_lazy"]
[Result "0-1"]
[WhiteElo "2181"]
[BlackElo "2421"]
[TimeControl "180+1"]
[EndTime "10:18:25 PDT"]
[Termination "crazy_but_lazy won by resignation"]

1. e4 c5 2. Nf3 Nc6 3. d4 cxd4 4. Nxd4 Qb6 5. Nb3 e6 6. Nc3 Nf6 7. Be3 Qc7 8. g3 Bb4 9. Bg2 O-O 10. O-O Bxc3 11.
bxc3 d6 12. Nd4 a6 13. f4 Rd8 14. Qe2 Na5 15. Bd2 Nc4 16. Be1 e5 17. Nf5 Bxf5 18.
exf5 e4 19. Kh1 d5 20. g4 h5 21. g5 Ng4 22. h3 Nge3 23. Rf2 Nxg2 24. Kxg2 e3 25.
Rf1 Re8 26. Qxh5 e2 27. Rf3 Ne3+ 28. Kh1 Nxf5 29. g6 fxg6 30. Qxg6 Qf7 31. Qxf7+ Kxf7 32. Bf2 Re4 33. Re1 Rae8 34. Kg1 Ra4 35. Bc5 Rxa2 36. Kf2 Rxc2 0-1

[Event "*** Titled Tuesday Blitz"]
[Site "Chess.com"]
[Date "2021.04.06"]
[Round "2"]
[White "GMSrinath"]
[Black "catalin009"]
[Result "1-0"]
[WhiteElo "2817"]
[BlackElo "2533"]
[TimeControl "180+1"]
[EndTime "10:18:26 PDT"]
[Termination "GMSrinath won by resignation"]

1. Nf3 Nf6 2. c4 e6 3. b3 d5 4. Bb2 Be7 5. e3 O-O 6. Be2 b6 7. O-O Bb7 8. d4 c5 9. cxd5 Nxd5 10.
dxc5 Bxc5 11. Nbd2 Nd7 12. a3 Be7 13. Nc4 Nc5 14.
b4 Ne4 15. Qd4 Ndf6 16. Rfd1 Qxd4 17. Nxd4 Rfd8 18. Rac1 Rac8 19. Nb5 Rxd1+ 20. Rxd1 Bd5 21. Nxa7 Rxc4 22. Bxc4 Bxc4 23. Nc8 Kf8 24. f3 Bb3 25.
Rd3 Bc2 26. Rd4 e5 27. Rc4 Bb3 28. Rc7 Bd8 29. Rb7 Bd5 30. Ra7 Be6 31. fxe4 Ng4 32.
Ra8 Ke8 33. Nxb6 Nxe3 34. Bxe5 Ke7 35. Bd4 Nc2 36. Bc5+ Kf6 1-0

[Event "*** Titled Tuesday Blitz"]
[Site "Chess.com"]
[Date "2021.04.06"]
[Round "2"]
[White "LordIron"]
[Black "retropwr"]
[Result "1-0"]
[WhiteElo "2257"]
[BlackElo "2428"]
[TimeControl "180+1"]
[EndTime "10:18:26 PDT"]
[Termination "LordIron won on time"]

1. d4 d6 2. Nf3 g6 3. g3 Bg7 4. Bg2 Nd7 5. c4 e5 6. dxe5 dxe5 7. O-O Ne7 8. Nc3 O-O 9. e3 Nc5 10. b4 Ne6 11. Bb2 f5 12. Qb3 e4 13. Rfd1 Qe8 14. Nd4 Qf7 15. Nd5 Nxd4 16. Bxd4 Nc6 17. Bxg7 Qxg7 18. h4 Be6 19. Nf4 Bf7 20. Rac1 Rfd8 21.
Bf1 Ne5 22. Be2 c6 23. Rd4 b5 24. Rcd1 Rxd4 25. Rxd4 Nxc4 26. Rd7 Qf6 27. Qd1 a5 28.
bxa5 Rxa5 29. Rxf7 Kxf7 30. Qd7+ Qe7 31. Qxc6 Rxa2 32.
Bxc4+ bxc4 33. Qxc4+ Kg7 34. Qxa2 Kh6 35. Qb2 Qc7 36.
Qd4 1-0

[Event "*** Titled Tuesday Blitz"]
[Site "Chess.com"]
[Date "2021.04.06"]
[Round "2"]
[White "Zmof"]
[Black "banane_verte"]
[Result "0-1"]
[WhiteElo "2199"]
[BlackElo "2431"]
[TimeControl "180+1"]
[EndTime "10:18:26 PDT"]
[Termination "banane_verte won by resignation"]

1. e4 d5 2. exd5 Qxd5 3. Nc3 Qa5 4. d4 Nf6 5. Bd2 c6 6. Nf3 Bg4 7. h3 Bxf3 8. Qxf3 e6 9. Bd3 Nbd7 10. O-O Qc7 11.
Bf4 Bd6 12. Bxd6 Qxd6 13. Qe3 O-O 14. Ne4 Nxe4 15. Qxe4 Nf6 16. Qh4 Rad8 17. c3 c5 18. Rad1 cxd4 19. Bb1 Qc5 20. cxd4 Qb6 21. b3 Rd5 22.
Rfe1 Rfd8 23. Be4 Rxd4 24. Rxd4 Qxd4 25. Qg5 Nxe4 26. Rxe4 Qd1+ 27. Kh2 h6 28. Qb5 b6 29.
Qa6 Qd7 30. Rc4 e5 31. g3 f5 32. Rc3 e4 33. Qc4+ Kh7 34. Qc7 Qxc7 35. Rxc7 Rd2 36. Kg1 Rxa2 37. g4 f4 38. Re7 Re2 39. Kf1 f3 40. b4 Rb2 41. Rxe4 Rb1+ 42. Re1 Rxb4 43. Ra1 a5 44. Ke1 Rb2 45. Ra3 Re2+ 46. Kf1 Re8 47. Rxf3 a4 48. Rf4 b5 49. Rb4 Rb8 50. Ke2 a3 51. Rb3 b4 52. Rb1 a2 0-1

[Event "*** Titled Tuesday Blitz"]
[Site "Chess.com"]
[Date "2021.04.06"]
[Round "2"]
[White "mary-sanna"]
[Black "davigator"]
[Result "1-0"]
[WhiteElo "2117"]
[BlackElo "2383"]
[TimeControl "180+1"]
[EndTime "10:18:26 PDT"]
[Termination "mary-sanna won on time"]

1. d4 Nf6 2. Bf4 c5 3. d5 d6 4. Nc3 g6 5. e4 Bg7 6. Bb5+ Bd7 7. a4 O-O 8. Bxd7 Nbxd7 9. Nf3 a6 10. h3 Rb8 11. Qe2 b5 12. axb5 axb5 13. Nxb5 Nxe4 14. O-O Bxb2 15. Rab1 Nc3 16. Nxc3 Bxc3 17. Rxb8 Nxb8 18.
Bg5 Bf6 19. Bxf6 exf6 20. Re1 Nd7 21. Qa6 Ne5 22. Nd2 g5 23. Ne4 Kg7 24. Nxd6 Qd7 25. c4 Rd8 26. Ne4 Qf5 27. Nxc5 Rb8 28. d6 Rb2 29.
Ne4 Nd3 30. d7 Nxf2 31. Qxf6+ Qxf6 32. Nxf6 Rd2 33. Re8 1-0

[Event "*** Titled Tuesday Blitz"]
[Site "Chess.com"]
[Date "2021.04.06"]
[Round "2"]
[White "fastestmindalive"]
[Black "Tpros"]
[Result "1-0"]
[WhiteElo "2809"]
[BlackElo "2527"]
[TimeControl "180+1"]
[EndTime "10:18:27 PDT"]
[Termination "fastestmindalive won by resignation"]

1. e4 c5 2. Nf3 a6 3. c4 d6 4. Nc3 g6 5. d4 cxd4 6. Nxd4 Bg7 7. Be2 Nc6 8. Be3 Bd7 9. f3 Nf6 10.
Qd2 h5 11. O-O Rc8 12. b3 O-O 13. Rac1 Nxd4 14. Bxd4 Qa5 15. Rfd1 Bc6 16. Nd5 Qd8 17. Nxf6+ exf6 18. Ba1 Qb6+ 19. Kf1 Rfd8 20. Qf4 Qa5 21. Rc2 Qg5 22. Qxg5 fxg5 23. Bxg7 Kxg7 24. Rcd2 Kf6 25. Rxd6+ Rxd6 26. Rxd6+ Ke7 27. Rd2 a5 28. Kf2 b6 29.
Ke3 h4 30. a3 f6 31. g3 hxg3 32. hxg3 Rh8 33. b4 axb4 34. axb4 Ra8 35. Rd1 Ra4 36. b5 Bd7 37. Rh1 Be6 38. Kd4 Ra2 39. Bd3 Rf2 40.
Rh7+ Kd6 41. Rb7 Rxf3 42. Rxb6+ Ke7 43. Rb7+ Kd8 44. c5 Rxg3 45. b6 Rg1 46. Rb8+ Ke7 47. b7 Rc1 48. Rh8 1-0

[Event "*** Titled Tuesday Blitz"]
[Site "Chess.com"]
[Date "2021.04.06"]
[Round "2"]
[White "serena-maria"]
[Black "SirStrateg"]
[Result "0-1"]
[WhiteElo "2391"]
[BlackElo "2639"]
[TimeControl "180+1"]
[EndTime "10:18:27 PDT"]
[Termination "SirStrateg won by checkmate"]

1. Nf3 d6 2. c4 Bg4 3. d4 Nd7 4. e4 Bxf3 5. gxf3 e6 6. Nc3 Ngf6 7. Bg5 h6 8. Be3 c6 9. Qd2 d5 10. e5 Nh5 11. c5 a5 12. Be2 g6 13. Rc1 b6 14.
cxb6 Nxb6 15. b3 Qh4 16. Na4 Nxa4 17. bxa4 Bb4 18. Rc3 g5 19. Qc1 O-O 20. Bd2 Bxc3 21. Qxc3 Rfc8 22. Rg1 Qxh2 23. Kf1 Nf4 24. Bxf4 Qxf4 25.
Rg4 Qh2 26. Bd1 Rab8 27. Bc2 Rb4 28. Qd3 Kf8 29. Qh7 Ke7 30. Bg6 Rf8 31. Qg7 Qh1+ 32.
Ke2 Rb2+ 33. Kd3 Qb1+ 34. Kc3 Qc1+ 35. Kd3 Rd2+ 36. Ke3 Qe1# 0-1

[Event "*** Titled Tuesday Blitz"]
[Site "Chess.com"]
[Date "2021.04.06"]
[Round "2"]
[White "karinachess1"]
[Black "Rish_97"]
[Result "0-1"]
[WhiteElo "2488"]
[BlackElo "2707"]
[TimeControl "180+1"]
[EndTime "10:18:28 PDT"]
[Termination "Rish_97 won by resignation"]

1. d4 Nf6 2. Nf3 e6 3. e3 c5 4. Bd3 b6 5. O-O Bb7 6. c4 cxd4 7. exd4 Be7 8. Nc3 d6 9. Qe2 O-O 10. h3 Re8 11. Bf4 Bf8 12. Rad1 a6 13. Bb1 Nbd7 14. Rfe1 Rc8 15. Qd3 g6 16. Bd2 Bxf3 17. Qxf3 Rxc4 18. Bd3 Rxd4 19. Be3 Ne5 20. Qe2 Rxd3 21. Rxd3 Nxd3 22. Qxd3 b5 23. a4 b4 24. Ne2 Qa5 25. b3 Qd5 26. Qxa6 Qxb3 27. Nd4 Qc3 28. Rc1 Qa3 29. Qb5 Ra8 30. Nc2 Qxa4 31. Qxb4 Qxb4 32. Nxb4 d5 33. Nd3 Ne4 34. Rc7 Bd6 35. Rc1 h5 36. h4 e5 37. f3 Ng3 38. Re1 e4 39. fxe4 dxe4 40.
Nf4 Nf5 41. Nd5 Bg3 42. Rf1 Nxe3 43. Nxe3 Bxh4 44. Nd5 Re8 45. Nc7 Re5 46. Rd1 e3 47. g3 e2 48. Re1 Bxg3 0-1

[Event "*** Titled Tuesday Blitz"]
[Site "Chess.com"]
[Date "2021.04.06"]
[Round "2"]
[White "NoboaKevin1999"]
[Black "Kostya_Nikologorskiy"]
[Result "0-1"]
[WhiteElo "2474"]
[BlackElo "2674"]
[TimeControl "180+1"]
[EndTime "10:18:28 PDT"]
[Termination "Kostya_Nikologorskiy won by checkmate"]

1. d4 d5 2. c4 dxc4 3. Nf3 c5 4. e3 cxd4 5. exd4 Be6 6. Nc3 Nf6 7.
Bg5 Nd5 8. Rc1 h6 9. Bh4 Nxc3 10.
Rxc3 b5 11. Be2 Nc6 12. O-O g5 13. Bg3 Bg7 14. Ne5 Nxd4 15. Bf3 Nxf3+ 16. Qxf3 Qd5 17. Qe2 Rd8 18. a4 a6 19. axb5 axb5 20. Rcc1 O-O 21. f4 Qd2 22. Qh5 Bxe5 23. fxe5 Kg7 24. h4 Qd4+ 25. Kh1 Bg4 26. Bf2 Bxh5 27. Bxd4 Rxd4 28.
hxg5 hxg5 29. g3 Rd2 30. Kg1 Bg6 31. Rf2 Rfd8 32. Ra1 Be4 33. Rxd2 Rxd2 34. Ra5 Rxb2 35. Ra7 c3 36. Rc7 c2 37. Kf2 c1=Q+ 38. Rc2 Rxc2# 0-1

[Event "*** Titled Tuesday Blitz"]
[Site "Chess.com"]
[Date "2021.04.06"]
[Round "2"]
[White "KrolPawel92OnTwitch"]
[Black "MelihKaanCan"]
[Result "1-0"]
[WhiteElo "2645"]
[BlackElo "2326"]
[TimeControl "180+1"]
[EndTime "10:18:29 PDT"]
[Termination "KrolPawel92OnTwitch won by checkmate"]

1. e4 e5 2. Qh5 Nc6 3. Bc4 g6 4. Qf3 Nf6 5. Ne2 Bg7 6. c3 d6 7. h3 O-O 8. O-O Be6 9. d3 Qd7 10.
Bg5 Ne8 11. Nd2 h6 12. Be3 Kh7 13. Ng3 f5 14. exf5 gxf5 15. Bxe6 Qxe6 16. d4 f4 17.
d5 Qg6 18. dxc6 fxe3 19. cxb7 Rb8 20. Qxe3 Rxb7 21. b4 Nf6 22. Nde4 Nd5 23. Qd2 Nf4 24. Rfe1 h5 25. h4 Bh6 26. Qc2 a5 27. bxa5 Ra7 28. Rab1 Rfa8 29. Rb5 Kh8 30. Qb1 Rf8 31. Rb7 Rxa5 32.
Rxc7 Ne6 33. Re7 d5 34. Nd6 Qxb1 35. Rxb1 Nf4 36. Ngf5 Rxa2 37. Nxh6 Ne2+ 38. Kh1 Nxc3 39. Rbb7 Ra1+ 40. Kh2 Rxf2 41. Rh7# 1-0

[Event "*** Titled Tuesday Blitz"]
[Site "Chess.com"]
[Date "2021.04.06"]
[Round "2"]
[White "PchelkinVK"]
[Black "tteshan"]
[Result "1-0"]
[WhiteElo "2593"]
[BlackElo "2322"]
[TimeControl "180+1"]
[EndTime "10:18:29 PDT"]
[Termination "PchelkinVK won by checkmate"]

1. e4 c5 2. Nc3 e6 3. Nf3 Nc6 4. d4 cxd4 5. Nxd4 Qc7 6. Be3 a6 7. Qd2 Nf6 8. f3 Be7 9. g4 d6 10. O-O-O b5 11. Nxc6 Qxc6 12. h4 Nd7 13. Ne2 Bb7 14.
Nd4 Qc7 15. g5 Ne5 16. h5 Nc4 17. Bxc4 Qxc4 18. b3 Qc5 19. Kb1 Qa3 20. c4 b4 21.
Nc2 Qa5 22. Qxb4 Qc7 23. Qc3 O-O 24. h6 f6 25. hxg7 Rf7 26. gxf6 Bxf6 27. Bd4 e5 28. Bf2 Rxg7 29. Ne3 a5 30. Nf5 Rg2 31. Rdg1 Rxg1+ 32. Rxg1+ Kh8 33. Qd2 Rg8 34. Rxg8+ Kxg8 35. Qh6 Qd8 36. Bh4 Bxh4 37. Qg7# 1-0

[Event "*** Titled Tuesday Blitz"]
[Site "Chess.com"]
[Date "2021.04.06"]
[Round "2"]
[White "BahadirOzen"]
[Black "ViktoriyaTarasova"]
[Result "1/2-1/2"]
[WhiteElo "2738"]
[BlackElo "2439"]
[TimeControl "180+1"]
[EndTime "10:18:30 PDT"]
[Termination "Game drawn by repetition"]

1. g3 Nf6 2. Bg2 d5 3. d3 c6 4.
Nd2 e5 5. e4 Bd6 6. Ngf3 Nbd7 7. O-O O-O 8. Re1 Re8 9. b3 h6 10. Bb2 Qc7 11. a3 a5 12. c3 Nc5 13. Qc2 dxe4 14. dxe4 b5 15. Rad1 Be6 16. b4 Na4 17.
Nh4 g6 18. Bf1 Bf8 19. Nhf3 Nd7 20. Ba1 Ndb6 21. bxa5 Rxa5 22. c4 bxc4 23. Nxc4 Bxc4 24.
Bxc4 Rc5 25. Nd2 Rd8 26. Qb3 Rxd2 27. Bxf7+ Qxf7 28. Qxf7+ Kxf7 29. Rxd2 Ke6 30. Red1 Be7 31. Kg2 Nc3 32. Re1 Nb5 33. Rd3 Rc4 34. f4 exf4 35.
gxf4 Ra4 36. f5+ Kf7 37. fxg6+ Kxg6 38. Rg3+ Kf7 39. Rf1+ Ke8 40. e5 Rxa3 41. Rg8+ Kd7 42. e6+ Kxe6 43. Re1+ Kd7 44. Bf6 Ra2+ 45. Kh1 Bxf6 46.
Rg6 Bg5 47. h4 Bf4 48. Rf6 Bd6 49. Rxh6 Nd5 50. h5 c5 51. Rh7+ Kc6 52. h6 Rh2+ 53. Kg1 Rh5 54. Rh8 Nf4 55. h7 Ng6 56. Rc8+ Kd7 57.
Rg8 Rh6 58. Kf1 Rxh7 59. Rxg6 Rf7+ 60. Ke2 Nd4+ 61. Kd3 Kc6 62. Kc4 Rf4 63. Kd3 Rh4 64. Re3 Kd5 65. Rg5+ Kc6 66. Rg6 Rh5 67. Kc4 Rh4 68.
Kd3 1/2-1/2